 Dungeon Crawl Stone Soup version 0.29.1-15-g9cfb28693d (webtiles) character file.

Game seed: 12801176033222752296

2997 Peloso the Carver (level 9, -2/79 HPs)
             Began as a Minotaur Fighter on Mar 6, 2023.
             Was a Believer of Okawaru.
             Engulfed by a cloud of poison gas (8 damage)
             ... on level 8 of the Dungeon.
             The game lasted 00:14:35 (5277 turns).

Peloso the Carver (Minotaur Fighter)                Turns: 5277, Time: 00:14:36

Health: -2/79      AC: 11    Str: 33    XL:     9   Next: 54%
Magic:  17/17      EV: 14    Int:  3    God:    Okawaru [**....]
Gold:   312        SH:  0    Dex: 12    Spells: 8/8 levels left

rFire   . . .      SeeInvis .   a - +4 long sword (freeze)
rCold   . . .      Faith    .   c - +0 buckler
rNeg    . . .      Spirit   .   s - +0 chain mail
rPois   .          Reflect  .   (helmet restricted)
rElec   +          Harm     .   (no cloak)
rCorr   .          Rampage  .   (no gloves)
Will    .....                   (no boots)
Stlth   ..........              r - amulet of regeneration
HPRegen 1.03/turn               h - +4 ring of evasion
MPRegen 0.15/turn               o - ring of Cotick {rElec MP+9 Str+10 Int-2 Slay+2}

@: confused, lethally poisoned (-2 -> -21), ambrosia-drunk, slowed, very slow
A: horns 2, retaliatory headbutt
a: Renounce Religion, Heroism


You were on level 8 of the Dungeon.
You worshipped Okawaru.
Okawaru was pleased with you.
You visited 2 branches of the dungeon, and saw 9 of its levels.

You collected 487 gold pieces.
You spent 175 gold pieces at shops.

Inventory:

Hand Weapons
 a - a +4 long sword of freezing (weapon)
 b - a +0 hand axe of flaming
Armour
 c - a +0 buckler (worn)
 s - a +0 chain mail (worn)
Jewellery
 h - a +4 ring of evasion (left hand)
 o - the ring of Cotick (right hand) {rElec MP+9 Str+10 Int-2 Slay+2}
   (You bought it in a shop on level 1 of the Dungeon)

   [ring of magical power]

   Str:       It affects your strength (+10).
   Int:       It affects your intelligence (-2).
   Slay:      It affects your accuracy & damage with ranged weapons and melee
   (+2).
   rElec:     It insulates you from electricity.
   MP:        It affects your magic capacity (+9).
 r - an amulet of regeneration (around neck)
Wands
 w - a wand of polymorph (7)
 x - a wand of flame (7)
 D - a wand of roots (8)
 E - a wand of light (3)
Scrolls
 j - 2 scrolls of magic mapping {unknown}
 k - a scroll of enchant armour {unknown}
 l - a scroll of blinking {unknown}
 m - 2 scrolls of silence {unknown}
 n - 3 scrolls of poison
 p - a scroll of teleportation {unknown}
 q - 2 scrolls of noise
 t - a scroll of immolation {unknown}
 u - a scroll of butterflies {unknown}
 y - a scroll of brand weapon {unknown}
 B - a scroll of identify
 C - a scroll of fear {unknown}
 G - a scroll of vulnerability {unknown}
Potions
 d - 2 potions of might
 f - 5 potions of mutation
 g - 5 potions of berserk rage
 i - a potion of cancellation
 v - a potion of brilliance
 z - a potion of magic
 A - a potion of degeneration {unknown}
 F - 2 potions of ambrosia
 H - a potion of resistance {unknown}
 I - a potion of invisibility {unknown}


   Skills:
 + Level 7.1 Fighting
 + Level 10.9 Long Blades
 + Level 8.7 Armour
 + Level 3.0 Dodging
 + Level 1.2 Stealth
 + Level 6.1 Shields


You had 8 spell levels left.
You didn't know any spells.
Your spell library contained the following spells:

 Spells                   Type           Power      Damage    Failure   Level
 Sandblast                Erth           0%         2d4       96%         1
 Sting                    Tmut/Pois      0%         1d3       96%         1
 Passwall                 Tmut/Erth      0%         N/A       99%         2
 Poisonous Vapours        Pois/Air       0%         N/A       99%         2
 Stone Arrow              Conj/Erth      0%         3d7       100%        3
 Olgreb's Toxic Radiance  Pois           0%         N/A       100%        4


Dungeon Overview and Level Annotations

Branches:
Dungeon (8/15)             Temple (1/1) D:6            Lair (0/5) D:8

Altars:
Ashenzari
Cheibriados
Dithmenos
Fedhas
Gozag
Hepliaklqana
Makhleb
Nemelex Xobeh
Okawaru
Qazlal
Ru
Trog
Vehumet
Wu Jian
Xom
Yredelemnul
Zin

Shops:
D:1 *   D:7 [   D:8 :

Annotations:
D:8 Erica


Innate Abilities, Weirdness & Mutations

You have a pair of horns on your head.
You reflexively headbutt those who attack you in melee.


Message History

Something hits you. Something burns you. Something hits you!
Something burns you. Something hits you. Something burns you.
You hear some strange, mumbled words.
Something tries to affect you, but you resist.
You hear some strange, mumbled words.
A lance of force appears from out of thin air!
The lance of force hits you!!
* * * LOW HITPOINT WARNING * * *
You are knocked back by the lance of force.
You slam into the rock wall!
* * * LOW HITPOINT WARNING * * *
You feel better.
You hear some strange, mumbled words.
A lance of force appears from out of thin air!
The lance of force misses you.
The air fills with toxic fumes!
As you read the scroll labelled BACIDA RAWK, it crumbles to dust.
It was a scroll of poison.
You hear some strange, mumbled words.
Something tries to affect you, but you resist.
Okay, then.
As you read the scroll labelled NAMERIU MOMIT, it crumbles to dust.
You hear a loud clanging noise!
It was a scroll of noise.
You hear a shout!
You hear some strange, mumbled words.
A lance of force appears from out of thin air!
The lance of force hits you!
* * * LOW HITPOINT WARNING * * *
You are knocked back by the lance of force.
Okay, then.
Okay, then.
You feel better.
You are engulfed in poison gas.
You are poisoned.
* * * LOW HITPOINT WARNING * * *
x2 You feel extremely sick.
You are confused.
You feel invigorated.
You are engulfed in poison gas.
You are more poisoned.
You die...

#..#...#..#.##.#
.#...≈...#[....#
####....###.....####
#...............#
#......#......#.###
#......#.#.####)#<#
#........#.# #.#.#
#.....§###§####.#.#
#.....§§§§@§§.§§#.#
#.....§#§########.#
#........# #.#
#######.#..#.##########.#
......#.#.....†.........#
#####.#.##..#############
#.#[##.## #.#.#..#
#.#....#


There were no monsters in sight!

Vanquished Creatures
  A two-headed ogre (D:8)
  A hornet (D:8)
  Menkaure (D:6)
  A steam dragon (D:6)
  3 water moccasins
  2 black bears
  An ogre (D:7)
  2 necrophages
  2 bullfrogs
  A scorpion (D:7)
  4 wights (D:6)
  A howler monkey (D:5)
  3 jellies
  5 hounds
  6 iguanas
  3 orc priests (D:6)
  Jessica (D:3)
  Ijyb (D:4)
  4 orc wizards
  5 adders
  A shadow imp (D:7)
  3 white imps
  3 worms
  5 dart slugs
  18 orcs
  10 endoplasms
  4 giant cockroaches
  12 goblins
  5 hobgoblins
  6 jackals
  2 quokkas (D:4)
  8 ball pythons
  5 bats
  6 frilled lizards
  8 kobolds
  5 rats
149 creatures vanquished.

Vanquished Creatures (others)
  A ghoul (D:1)
  2 draconians (D:1)
  An octopode (D:1)
  An elf (D:1)
  A vine stalker (D:1)
  A formicid (D:1)
  2 dwarves (D:1)
  2 felids (D:1)
  A kobold (D:1)
  A fungus (D:8)
  9 plants
  4 tentacles (D:1)
26 creatures vanquished.

Grand Total: 175 creatures vanquished

Notes
Turn   | Place    | Note
-------+----------+-------------------------------------------
     0 | D:1      | Peloso the Minotaur Fighter began the quest for the Orb.
     0 | D:1      | Reached XP level 1. HP: 19/19 MP: 0/0
     0 | D:1      | Noticed a vine stalker
     0 | D:1      | Noticed a dwarf
     0 | D:1      | Noticed an elf
     0 | D:1      | Noticed an octopode
     0 | D:1      | Noticed a dwarf
     0 | D:1      | Noticed a kraken
     0 | D:1      | Noticed a ghoul
     0 | D:1      | Noticed a felid
     0 | D:1      | Noticed a draconian
     0 | D:1      | Noticed a felid
     0 | D:1      | Noticed a formicid
     0 | D:1      | Noticed a draconian
     2 | D:1      | Killed a felid
     3 | D:1      | Killed a felid
     5 | D:1      | Killed a vine stalker
     5 | D:1      | Killed an octopode
     6 | D:1      | Killed a dwarf
     8 | D:1      | Killed a dwarf
     9 | D:1      | Killed a ghoul
    10 | D:1      | Killed a formicid
    10 | D:1      | Killed an elf
    11 | D:1      | Killed a draconian
    13 | D:1      | Killed a draconian
   140 | D:1      | Found a faded altar of an unknown god.
   155 | D:1      | Reached XP level 2. HP: 22/27 MP: 1/1
   398 | D:1      | Found Masosk's Assorted Antiques.
   732 | D:1      | Reached XP level 3. HP: 33/33 MP: 2/2
   919 | D:2      | Found a burning altar of Makhleb.
   934 | D:2      | Reached skill level 3 in Long Blades
  1622 | D:2      | Reached XP level 4. HP: 37/40 MP: 3/3
  1986 | D:3      | Noticed Jessica
  2060 | D:1      | Bought a heavily runed pewter ring for 125 gold pieces
  2060 | D:1      | Identified the ring of Cotick {rElec MP+9 Str+10 Int-2
                  | Slay+2} (You bought it in a shop on level 1 of the Dungeon)
  2067 | D:1      | Bought a scroll labelled BACIDA RAWK for 25 gold pieces
  2067 | D:1      | Bought a scroll labelled IWEIBO GEUSMIN for 25 gold pieces
  2091 | D:3      | Killed Jessica
  2092 | D:3      | Reached skill level 4 in Long Blades
  2092 | D:3      | Reached skill level 1 in Dodging
  2333 | D:3      | Reached XP level 5. HP: 47/47 MP: 4/4
  2709 | D:4      | Noticed a black bear
  2725 | D:4      | Reached skill level 5 in Armour
  2730 | D:4      | Killed a black bear
  2731 | D:4      | Reached skill level 5 in Long Blades
  2731 | D:4      | Reached XP level 6. HP: 40/53 MP: 5/5
  3068 | D:4      | Noticed Ijyb
  3096 | D:4      | Killed Ijyb
  3155 | D:5      | Entered Level 5 of the Dungeon
  3202 | D:5      | Reached skill level 6 in Long Blades
  3249 | D:5      | Reached XP level 7. HP: 60/60 MP: 6/6
  3252 | D:5      | Found a glowing silver altar of Zin.
  3533 | D:5      | Reached skill level 5 in Fighting
  3533 | D:5      | Reached skill level 5 in Shields
  3803 | D:5      | Reached skill level 7 in Long Blades
  4010 | D:6      | Noticed Menkaure
  4041 | D:6      | Killed Menkaure
  4042 | D:6      | Reached skill level 8 in Long Blades
  4042 | D:6      | Reached XP level 8. HP: 23/70 MP: 7/7
  4135 | D:6      | Found a staircase to the Ecumenical Temple.
  4166 | Temple   | Entered the Ecumenical Temple
  4296 | Temple   | Became a worshipper of Warmaster Okawaru
  4395 | D:6      | Reached skill level 9 in Long Blades
  4736 | D:7      | Reached skill level 1 in Stealth
  4856 | D:7      | Found Wuic's Antique Armour Emporium.
  4992 | D:7      | Reached * piety under Okawaru
  4993 | D:7      | Reached XP level 9. HP: 70/78 MP: 8/8
  5087 | D:8      | Reached skill level 10 in Long Blades
  5147 | D:8      | Noticed Erica
  5190 | D:8      | Found a staircase to the Lair.
  5218 | D:8      | Found Bikh's Book Shoppe.
  5246 | D:8      | Noticed a two-headed ogre
  5268 | D:8      | Killed a two-headed ogre
  5268 | D:8      | Reached ** piety under Okawaru
  5277 | D:8      | Engulfed by a cloud of poison gas

Illustrated notes

Levels and vault maps discovered:
D:1:      nicolae_arrival_kraken_aquarium_a, layout_loops_corners,
          hellmonk_ecumenical_altar_pennies_from_heaven, serial_shops, shop,
          hangedman_feature_mirror, chequers_serial_rivers_marsh
D:2:      layout_loops_ring, basic_altar
D:3:      layout_loops_cross, uniq_jessica
D:4:      kennysheep_the_goblin_king, layout_cave_pools
D:5:      layout_basic, marbit_many_paths, chequers_serial_rivers_marsh
D:6:      layout_rooms, minmay_temple_entry_stoned_glass, uniq_menkaure
D:7:      nzn_winding_woodlands_three_and_one
          [nzn_winding_woodlands_5x15_split_checker,
          nzn_winding_woodlands_5x15_concentric,
          nzn_winding_woodlands_5x15_pathside_ponds,
          nzn_winding_woodlands_center_lodge], layout_loops_ring,
          chequers_temple_overflow_statue_of_worship, lemuel_round_altar,
          serial_shops, shop
D:8:      layout_basic, dpeg_oklobed_lair, serial_shops, nicolae_shop_trees,
          nicolae_shop_window_shopping, nicolae_stop_n_shop_2, uniq_erica
Temple:   regret_index_temple_chain_breaker

Skill      XL: |  1  2  3  4  5  6  7  8  9 |
---------------+----------------------------+-----
Armour         | 4 5 6 7 8 |  8.7
Fighting       | 4 5 6 7 |  7.1
Shields        | 4 5 6 |  6.1
Long Blades    | 3 4 5 6 8 9 10 | 10.9
Dodging        | 1 2 3 |  3.0
Stealth        | 1 |  1.2

Action                   |  1- 3 |  4- 6 |  7- 9 || total
-------------------------+-------+-------+-------++-------
Melee: Long sword        |   108 |   124 |   134 ||   366
       Headbutt          |    21 |    14 |    21 ||    56
  Use: Scroll            |       |     4 |     6 ||    10
       Potion            |       |       |     3 ||     3
Armor: Scale mail        |    38 |    25 |       ||    63
       Chain mail        |       |    24 |    51 ||    75
Dodge: Dodged            |    69 |    89 |   102 ||   260
Block: Buckler           |    35 |    39 |    26 ||   100
